 Dungeon Crawl Stone Soup version 0.21.1-1-g345015fe64 (webtiles) character file.

1017 Rushputin the Conjurer (level 8, -9/36 HPs)
             Began as a Spriggan Conjurer on Mar 26, 2018.
             Was a Follower of Nemelex Xobeh.
             Mangled by Menkaure (20 damage)
             ... on level 5 of the Dungeon.
             The game lasted 00:29:51 (3761 turns).

Rushputin the Conjurer (Spriggan Conjurer)          Turns: 3761, Time: 00:29:52

Health: -9/36      AC:  2    Str:  4    XL:     8   Next: 1%
Magic:  11/24      EV: 19    Int: 18    God:    Nemelex Xobeh [*.....]
Gold:   254        SH:  0    Dex: 21    Spells: 1/15 levels left

rFire    . . .     SeeInvis +   g - +2 short sword (venom)
rCold    . . .     Gourm    .   (shield restricted)
rNeg     . . .     Faith    .   o - +0 robe {MR+}
rPois    .         Spirit   .   (helmet restricted)
rElec    .         Reflect  .   (no cloak)
rCorr    .         Harm     .   (gloves unavailable)
MR       ++...                  (boots unavailable)
Stlth    +++.......             (no amulet)
HPRegen  0.12/turn              f - ring of magical power
MPRegen  0.19/turn              k - +4 ring of dexterity

@: very quick
A: very small, unfitting armour, see invisible, herbivore, speed 3, slow
metabolism 2
a: Renounce Religion


You were on level 5 of the Dungeon.
You worshipped Nemelex Xobeh.
Nemelex Xobeh was aware of your devotion.
You were not hungry.

You visited 1 branch of the dungeon, and saw 5 of its levels.

You collected 254 gold pieces.

Inventory:

Hand Weapons
 g - a +2 short sword of venom (weapon)
Armour
 a - a +0 robe
 o - a +0 robe of magic resistance (worn)
Jewellery
 f - a ring of magical power (left hand)
 k - a +4 ring of dexterity (right hand)
Wands
 d - a wand of enslavement (12)
 n - a wand of paralysis (4)
Scrolls
 i - 5 scrolls of identify
 r - a scroll of teleportation {unknown}
Potions
 e - a potion of might
 h - a potion of curing
 l - 2 potions of brilliance
 m - 2 potions of invisibility
 p - a potion of agility
 q - a potion of mutation {unknown}
Books
 b - a book of Conjurations

   Spells                             Type                      Level
   a - Magic Dart                     Conjuration                  1
   b - Searing Ray                    Conjuration                  2
   c - Dazzling Spray                 Conjuration/Hexes            3
   d - Fulminant Prism                Conjuration/Hexes            4
   e - Force Lance                    Conjuration/Translocation    4
   f - Iskenderun's Mystic Blast      Conjuration                  4
Miscellaneous
 j - a plain deck of destruction {drawn: 1}
Comestibles
 c - 9 rations


   Skills:
 - Level 5.2 Short Blades
 - Level 3.0 Dodging
 - Level 3.0 Stealth
 - Level 4.0 Spellcasting
 * Level 6.1 Conjurations
 + Level 3.0 Translocations


You had one spell level left.
You knew the following spells:

 Your Spells              Type           Power        Failure   Level  Hunger
a - Magic Dart            Conj           ####         1%          1    None
b - Searing Ray           Conj           ####..       1%          2    ##.....
c - Iskenderun's Mystic   Conj           ####....     12%         4    ####...
d - Dazzling Spray        Conj/Hex       ##....       12%         3    ###....
e - Force Lance           Conj/Tloc      ###.....     22%         4    ####...


Dungeon Overview and Level Annotations

Branches:
Dungeon (5/15)
 Temple: D:4-7

Altars:
Gozag
Nemelex Xobeh
Trog
Uskayaw
Yredelemnul
The Shining One

Annotations:
D:5 Menkaure


Innate Abilities, Weirdness & Mutations

You are very small and have problems with some larger weapons.
You are too small for most types of armour.
You have supernaturally acute eyesight. (SInv)
You are a herbivore.
You cover ground extremely quickly.
You need consume almost no food.


Message History

The spray of energy hits Menkaure.
Menkaure is heavily damaged.
Casting: Dazzling Spray
Confirm with . or Enter, or press ? or * to list all spells.
Aiming: Searing Ray
Press: ? - help, Shift-Dir - straight line, f/p - Menkaure
Aim: Menkaure (heavily damaged)
The searing ray hits Menkaure.
Menkaure is severely damaged. (Press . to maintain the ray.) Menkaure calls on the powers of darkness!
Your body is wracked with pain!
You closely miss Menkaure.
Menkaure is severely damaged.
You hit Menkaure.
Menkaure is almost destroyed.
Menkaure hits you!!
Ouch! That really hurt!
You die...
Your body disappears without a glow.

##.......#
#........#
##........#
#.........
.........#
....#.......#
..........5.#
.....5...#M.#
....>. #.@#
....## #..#
#..###..##
#.......#
##..####.#
#..## ###
#..# ###
#.#######
..###
##.#.....#


You could see Menkaure and a crimson imp.

Vanquished Creatures
  Pikel (D:4)
  Sigmund (D:4)
  Purgy (D:4)
  An ogre (D:4)
  A bullfrog (D:5)
  A hound (D:4)
  An orc wizard (D:4)
  A worker ant (D:4)
  4 adders
  2 shadow imps (D:5)
  2 oozes (D:1)
  2 dart slugs (D:1)
  4 leopard geckos
  8 orcs
  5 giant cockroaches
  6 goblins
  4 hobgoblins
  4 jackals
  7 kobolds
  A quokka (D:2)
  A ball python (D:1)
  6 bats
  2 frilled lizards (D:4)
  A quokka zombie (D:5)
  4 rats
  A spectral orc (D:2)
72 creatures vanquished.

Vanquished Creatures (others)
  An orc (D:4)
1 creature vanquished.

Grand Total: 73 creatures vanquished

Notes
Turn   | Place    | Note
-------+----------+-------------------------------------------
     0 | D:1      | Rushputin the Spriggan Conjurer began the quest for the Orb.
     0 | D:1      | Reached XP level 1. HP: 9/9 MP: 5/5
    16 | D:1      | Reached skill level 3 in Conjurations
   154 | D:1      | Reached XP level 2. HP: 10/13 MP: 0/7
   345 | D:1      | Learned a level 2 spell: Searing Ray
   534 | D:1      | Reached XP level 3. HP: 14/16 MP: 1/9
   919 | D:1      | You fall through a shaft!
  1133 | D:2      | Reached XP level 4. HP: 21/21 MP: 11/11
  1359 | D:2      | Found a basalt altar of Yredelemnul.
  2181 | D:3      | Reached skill level 4 in Conjurations
  2288 | D:3      | Found a sparkling altar of Nemelex Xobeh.
  2295 | D:3      | Reached skill level 1 in Short Blades
  2303 | D:3      | Became a worshipper of Nemelex Xobeh the Trickster
  2359 | D:3      | Received a gift from Nemelex Xobeh
  2455 | D:3      | Found a glowing golden altar of the Shining One.
  2588 | D:4      | Noticed Pikel
  2600 | D:4      | Noticed a slave
  2601 | D:4      | Noticed a slave
  2601 | D:4      | Noticed a slave
  2602 | D:4      | Noticed a slave
  2604 | D:4      | Noticed Purgy
  2620 | D:4      | Killed Pikel
  2620 | D:4      | Reached skill level 5 in Short Blades
  2620 | D:4      | Reached XP level 5. HP: 3/24 MP: 6/12
  2620 | D:4      | Reached XP level 6. HP: 4/28 MP: 6/13
  2620 | D:4      | Reached XP level 7. HP: 5/32 MP: 6/14
  2906 | D:4      | Killed Purgy
  2906 | D:4      | Reached skill level 5 in Conjurations
  2923 | D:4      | Found an opulent altar of Gozag.
  2962 | D:4      | Found a hide-covered altar of Uskayaw.
  2963 | D:4      | Noticed a hand axe
  2963 | D:4      | Noticed a dagger
  3129 | D:4      | Learned a level 4 spell: Iskenderun's Mystic Blast
  3133 | D:4      | Learned a level 3 spell: Dazzling Spray
  3138 | D:4      | Learned a level 4 spell: Force Lance
  3176 | D:4      | Noticed Sigmund
  3243 | D:4      | Killed Sigmund
  3243 | D:4      | Reached skill level 6 in Conjurations
  3509 | D:5      | Entered Level 5 of the Dungeon
  3535 | D:5      | Reached * piety under Nemelex Xobeh
  3597 | D:5      | Noticed a moth of wrath
  3600 | D:5      | Found a bloodstained altar of Trog.
  3648 | D:5      | Found a sparkling altar of Nemelex Xobeh.
  3748 | D:5      | Noticed Menkaure
  3756 | D:5      | Reached XP level 8. HP: 19/36 MP: 15/15
  3761 | D:5      | Mangled by Menkaure

Skill      XL: |  1  2  3  4  5  6  7 |
---------------+----------------------+-----
Conjurations   | 3 4 6 |  6.1
Spellcasting   | 3 4 |  4.0
Short Blades   | 5 |  5.2
Translocations | 3 |  3.0
Dodging        | |  3.0
Stealth        | |  3.0

Action                   |  1- 3 |  4- 6 |  7- 9 || total
-------------------------+-------+-------+-------++-------
Melee: Unarmed           |    26 |       |       ||    26
       Short sword       |       |    16 |    27 ||    43
 Cast: Magic Dart        |    85 |    39 |    38 ||   162
       Searing Ray       |     2 |     3 |     5 ||    10
       Iskenderun's Myst |       |       |     3 ||     3
       Dazzling Spray    |       |       |     3 ||     3
Evoke: Deck              |       |       |     1 ||     1
  Use: Scroll            |       |     9 |       ||     9
       Potion            |       |     5 |     2 ||     7
 Stab: Sleeping          |       |       |     1 ||     1
  Eat: Ration            |       |       |     1 ||     1
Armor: Robe              |     2 |       |     4 ||     6
Dodge: Dodged            |    52 |    21 |    42 ||   115
